 Dungeon Crawl Stone Soup version 0.30.0-29-ga12c61a403 (webtiles) character file.

Game seed: 13729864553133191236

2910 Graphine the Trooper (level 9, -4/69 HPs)
             Began as a Demonspawn Chaos Knight on June 22, 2023.
             Was a Plaything of Xom.
             Slain by an orc knight
             ... wielding a +0 battleaxe
              (8 damage)
             ... in a bailey.
             The game lasted 00:18:14 (6180 turns).

Graphine the Trooper (Demonspawn Chaos Knight)      Turns: 6180, Time: 00:18:15

Health: -4/69      AC:  9    Str: 17    XL:     9   Next: 49%
Magic:  9/9        EV: 18    Int: 13    God:    Xom [*.....]
Gold:   440        SH:  0    Dex: 13    Spells: 8/8 levels left

rFire   + . .        e - +4 hammer "Ogreslayer" {speed, rC- SInv Stlth+}
rCold   x . .        (no shield)
rNeg    . . .        b - +3 leather armour
rPois   +            (helmet restricted)
rElec   .            w - +0 cloak
rCorr   .            (no gloves)
SInv    +            (no boots)
Will    ++...        B - amulet of regeneration
Stlth   ++           y - ring of see invisible
HPRegen 1.11/turn    (no ring)
MPRegen 0.11/turn

%: no passive effects
@: mighty, agile, unable to read
A: claws 2, demonic guardian 2, sharp scales 1, antennae 1, fire resistance 1,
strong-willed 2, poison resistance, shaggy fur 1, wild magic 1, inability to
read after injury 1
a: Renounce Religion


You were in a bailey.
You worshipped Xom.
You were a special plaything of Xom.
You visited 1 branch of the dungeon, and saw 7 of its levels.
You also visited: Bailey.

You collected 440 gold pieces.

Inventory:

Hand Weapons
 a - a +2 mace of chaos
 e - the +4 hammer "Ogreslayer" (weapon) {speed, rC- SInv Stlth+}
   (You found it on level 3 of the Dungeon)

   rC:        It makes you vulnerable to cold.
   SInv:      It lets you see invisible.
   Stlth:     It makes you more stealthy.
 A - a +4 morningstar
Missiles
 d - 3 atropa-tipped darts
 h - a javelin
 m - 12 boomerangs
Armour
 b - a +3 leather armour (worn)
 f - a +0 helmet
 w - a +0 cloak (worn)
Jewellery
 p - a ring of fire
 y - a ring of see invisible (left claw)
 z - a +6 ring of dexterity
 B - an amulet of regeneration (around neck)
Wands
 k - a wand of mindburst (4) (quivered)
 o - a wand of flame (41)
 s - a wand of polymorph (11)
 C - a wand of charming (10)
Scrolls
 r - 5 scrolls of teleportation
 u - 2 scrolls of amnesia
Potions
 g - a potion of lignification
 i - a potion of cancellation
 j - 2 potions of brilliance
 n - a potion of haste
 q - 3 potions of magic {unknown}
 t - a potion of resistance {unknown}
 v - 2 potions of attraction {unknown}
 x - a potion of ambrosia
Miscellaneous
 c - a piece from Xom's chessboard (15/15)


   Skills:
 + Level 6.2 Fighting
 + Level 5.6 Maces & Flails
 + Level 4.6 Throwing
 - Level 5.0 Armour
 + Level 5.1 Dodging
 + Level 4.6 Unarmed Combat


You had 8 spell levels left.
You didn't know any spells.
Your spell library was empty.

Dungeon Overview and Level Annotations

Branches:
Dungeon (7/15)             Temple (0/1) D:6          Bailey (1/1)

Altars:
Fedhas
Gozag
Vehumet
Wu Jian
Xom

Shops:
D:5 ?

Portals:
Abyss: D:4


Innate Abilities, Weirdness & Mutations

You have very sharp fingernails.
A demonic guardian rushes to your aid.
You are partially covered in razor-sharp scales. (AC +1, Slay +1)
You have a pair of small antennae on your head.
Your flesh is heat resistant. (rF+)
You are highly strong-willed. (Will++)
Your system is resistant to poisons. (rPois)
You are covered in fur. (AC +1)
Your spells are a little harder to cast, but a little more powerful.
You occasionally lose the ability to read scrolls when taking damage.


Message History

The orc knight suddenly seems more agile.
The orc knight closely misses your hellwing.
The orc knight barely misses your butterfly.
The orc knight closely misses you.
You closely miss the orc knight.
The orc knight is severely wounded.
Your butterfly is engulfed in seething chaos.
The orc hits you but does no damage.
An orc comes into view. It is wielding a +0 hand axe.
Your hellwing completely misses the orc knight.
Your hellwing barely misses the orc knight.
The orc knight closely misses you.
The orc knight hits your butterfly with a +0 battleaxe!
Your butterfly dies!
Your butterfly disappears in a puff of smoke!
The orc knight closely misses your hellwing.
You closely miss the orc knight.
The orc knight is severely wounded.
The orc knight hits you with a +0 battleaxe!!
You feel threatened and lose the ability to read scrolls!
* * * LOW HITPOINT WARNING * * *
A demonic guardian appears!
The orc knight hits your hellwing with a +0 battleaxe!
The orc misses you.
Your hellwing barely misses the orc knight.
Your hellwing hits the orc knight but does no damage.
Okay, then.
You cannot read scrolls in your current state!
You cannot read scrolls in your current state!
You feel better.
The orc knight hits your hellwing with a +0 battleaxe!!!
Your hellwing dies!
Your hellwing disappears in a puff of smoke!
The orc knight hits your orange demon with a +0 battleaxe!!
The orc knight hits you with a +0 battleaxe!
* * * LOW HITPOINT WARNING * * *
The orc hits you but does no damage.
The orc knight hits you with a +0 battleaxe!
You die...
Xom snickers!

########.......########
≈≈≈≈≈≈≈.........≈≈≈≈≈≈≈
≈≈≈≈≈≈≈≈≈≈...≈≈≈≈≈≈≈≈≈≈
≈≈≈≈≈≈≈≈≈≈..b≈≈≈≈≈≈≈≈≈≈
≈≈≈≈≈≈≈≈≈≈...≈≈≈≈≈≈≈≈≈≈
≈≈≈≈≈≈≈≈≈≈...≈≈≈≈≈≈≈≈≈≈
######~~~~...b~~~######
#...§§4§....#
#####)o@#####
#..§§..o.'..#
#..§§)...'..#
#..#..⌠..#..#
.....#.....#.... #.8..
#.....# ..8o #....
####### ... #.8# #8.
#..


You could see an orc knight (berserk, strong, agile, ally target), 2 orcs and a
friendly orange demon (summoned).

Vanquished Creatures
  Grinder (D:5)
  The ghost of lasso the Conjurer, an amateur DECj (D:4)
  Duvessa (D:5)
  A sky beast (D:7)
  The ghost of Henri the Slasher, an amateur DsCK of Xom (D:3)
  2 ogres
  A centaur (D:7)
  3 phantoms (D:5)
  A kobold brigand (D:7)
  3 scorpions
  2 wights (D:7)
  Dowan (D:5)
  Crazy Yiuf (D:3)
  3 jellies
  An orc priest (D:4)
  8 hounds
  Terence (D:2)
  2 orc wizards (D:4)
  4 iguanas
  Robin (D:2)
  7 adders
  A gnoll (D:3)
  2 shadow imps (D:4)
  2 white imps
  12 orcs
  2 endoplasms
  4 giant cockroaches
  17 hobgoblins
  6 jackals
  2 quokkas
  7 ball pythons
  4 bats
  4 frilled lizards
  14 goblins
  13 kobolds
  5 rats
141 creatures vanquished.

Vanquished Creatures (collateral kills)
  An ancient zyme (D:4)
  Menkaure (D:4)
  An ogre (D:6)
  A kobold brigand (D:4)
  2 wights (D:7)
  A white imp (D:7)
  A dart slug (D:3)
  An orc (D:7)
  3 goblins (D:7)
  A rat (D:3)
13 creatures vanquished.

Grand Total: 154 creatures vanquished

Notes
Turn   | Place    | Note
-------+----------+-------------------------------------------
     0 | D:1      | Graphine the Demonspawn Chaos Knight began the quest for
                  | the Orb.
     0 | D:1      | Reached XP level 1. HP: 18/18 MP: 1/1
    89 | D:1      | XOM: silly message
   102 | D:1      | Reached skill level 1 in Dodging
   348 | D:1      | Gained mutation: You have sharp fingernails. [demonic
                  | ancestry]
   348 | D:1      | Reached XP level 2. HP: 24/24 MP: 2/2
   392 | D:1      | XOM: potion effect (brilliance)
   650 | D:2      | XOM: enchant monster (good)
   669 | D:2      | Noticed Robin
   676 | D:2      | XOM: confuse monster(s)
   681 | D:2      | Killed Robin
   682 | D:2      | Gained mutation: You have very sharp fingernails. [demonic
                  | ancestry]
   682 | D:2      | Reached XP level 3. HP: 15/29 MP: 3/3
   778 | D:2      | XOM: 2-stop teleportation journey
   874 | D:2      | XOM: 5-stop teleportation journey
  1154 | D:2      | XOM: give mutations
  1154 | D:2      | Gained mutation: Your movements are slightly less
                  | encumbered by armour. (ER -2) [Xom's mischief]
  1154 | D:2      | Gained mutation: Your system is resistant to poisons.
                  | (rPois) [Xom's mischief]
  1154 | D:2      | Lost mutation: Your movements are slightly less encumbered
                  | by armour. (ER -2) [Xom's mischief]
  1154 | D:2      | Gained mutation: You occasionally lose the ability to read
                  | scrolls when taking damage. [Xom's mischief]
  1219 | D:2      | Noticed Terence
  1228 | D:2      | XOM: butterfly on damage
  1229 | D:2      | Killed Terence
  1230 | D:2      | Reached skill level 1 in Throwing
  1230 | D:2      | Reached skill level 1 in Unarmed Combat
  1230 | D:2      | Gained mutation: A weak demonic guardian rushes to your
                  | aid. [demonic ancestry]
  1230 | D:2      | Reached XP level 4. HP: 17/35 MP: 4/4
  1374 | D:2      | XOM: give mutation
  1374 | D:2      | Gained mutation: You have a pair of small antennae on your
                  | head. [Xom's grace]
  1642 | D:3      | XOM: draining
  1721 | D:3      | Noticed Henri's ghost (amateur DsCK)
  1722 | D:3      | Noticed an ogre
  1765 | D:3      | Found a runed translucent gate.
  1766 | D:3      | Found a runed translucent gate.
  1767 | D:3      | Found a runed translucent gate.
  1771 | D:3      | XOM: 1-stop teleportation journey
  1772 | D:3      | You fall into a shaft and drop 1 floor!
  1792 | D:4      | Noticed an ancient zyme
  1809 | D:4      | Noticed lasso's ghost (amateur DECj)
  1817 | D:4      | Noticed a scorpion
  1824 | D:4      | XOM: smoke on damage
  1826 | D:4      | Killed a scorpion
  1827 | D:4      | Gained mutation: A demonic guardian rushes to your aid.
                  | [demonic ancestry]
  1827 | D:4      | Reached XP level 5. HP: 29/41 MP: 5/5
  1830 | D:4      | Found a transporter.
  1929 | D:4      | Gained mutation: You are partially covered in razor-sharp
                  | scales. (AC +1, Slay +1) [demonic ancestry]
  1929 | D:4      | Reached XP level 6. HP: 42/48 MP: 6/6
  1970 | D:3      | Found a radiant altar of Vehumet.
  2017 | D:3      | Found an ornate altar of the Wu Jian Council.
  2020 | D:3      | Reached skill level 4 in Fighting
  2204 | D:3      | XOM: summons 3 hostile shadow creatures
  2212 | D:3      | XOM: give mutation
  2212 | D:3      | Gained mutation: Your flesh is heat resistant. (rF+) [Xom's
                  | mischief]
  2245 | D:3      | Found a runed translucent door.
  2246 | D:3      | Noticed Crazy Yiuf
  2445 | D:3      | Killed Crazy Yiuf
  2451 | D:3      | Identified the +4 hammer "Ogreslayer" {speed, rC- SInv
                  | Stlth+}
  2671 | D:3      | Found a faded altar of an unknown god.
  2811 | D:3      | Killed Henri's ghost
  2900 | D:4      | Reached XP level 7. HP: 26/54 MP: 7/7
  3091 | D:4      | Noticed Menkaure
  3100 | D:4      | Killed Menkaure
  3505 | D:4      | Found a transporter.
  3598 | D:4      | Found a blossoming altar of Fedhas.
  3756 | D:4      | XOM: noise
  3763 | D:4      | XOM: confuse monster(s)
  3770 | D:4      | Killed lasso's ghost
  3781 | D:4      | XOM: smoke on damage
  3788 | D:4      | Reached XP level 8. HP: 15/61 MP: 8/8
  3794 | D:4      | Killed an ancient zyme
  3795 | D:4      | Reached skill level 5 in Fighting
  3801 | D:4      | Found a one-way gate to the infinite horrors of the Abyss.
  3877 | D:5      | Entered Level 5 of the Dungeon
  3894 | D:5      | XOM: blink monster(s)
  4106 | D:5      | Noticed Duvessa
  4106 | D:5      | Noticed Dowan
  4118 | D:5      | XOM: summons friendly white imp
  4143 | D:5      | Killed Duvessa
  4152 | D:5      | Killed Dowan
  4277 | D:5      | XOM: 8-stop teleportation journey
  4279 | D:5      | Noticed Grinder
  4286 | D:5      | XOM: enchant monster (good)
  4294 | D:5      | Killed Grinder
  4295 | D:5      | Reached skill level 5 in Maces & Flails
  4346 | D:5      | XOM: summons 5 hostile demons
  4635 | D:5      | Found Tiyt Vas's Magic Scroll Shoppe.
  4730 | D:5      | Reached XP level 9. HP: 69/69 MP: 9/9
  4858 | D:5      | XOM: noise
  4882 | D:5      | XOM: give mutations
  4882 | D:5      | Gained mutation: You are covered in fur. (AC +1) [Xom's
                  | grace]
  4882 | D:5      | Gained mutation: You are strong-willed. (Will+) [Xom's
                  | grace]
  4882 | D:5      | Gained mutation: You are highly strong-willed. (Will++)
                  | [Xom's grace]
  4882 | D:5      | Gained mutation: Your spells are a little harder to cast,
                  | but a little more powerful. [Xom's grace]
  5051 | D:5      | XOM: divination: detect items
  5172 | D:6      | Found a staircase to the Ecumenical Temple.
  5505 | D:6      | XOM: 4-stop teleportation journey
  5540 | D:6      | Found an opulent altar of Gozag.
  5601 | D:6      | XOM: scenery: summon butterflies
  5779 | D:6      | Reached skill level 6 in Fighting
  5860 | D:7      | XOM: cast spell 'Summon Hydra'
  5983 | D:7      | Reached skill level 5 in Armour
  6043 | D:7      | XOM: enchant monster (bad)
  6073 | D:7      | XOM: summons 9 friendly demons
  6075 | D:7      | XOM: scenery: create altars
  6082 | D:7      | Found a flagged portal.
  6083 | D:7      | Reached skill level 5 in Dodging
  6111 | Bailey   | Entered a bailey
  6157 | Bailey   | Noticed an orc knight
  6160 | Bailey   | XOM: scenery: 1 fountains blood, 2 doors open, 2 doors
                  | close
  6163 | Bailey   | XOM: cast spell 'Summon Small Mammal'
  6167 | Bailey   | XOM: chaos cloud
  6172 | Bailey   | XOM: butterfly on damage
  6180 | Bailey   | Slain by an orc knight

Illustrated notes

Levels and vault maps discovered:
D:1:      mushboom_english_gardens, layout_basic, nrook_mini_vaults,
          chequers_serial_rivers_micro_e
D:2:      layout_loops_ring, minmay_increasing_density, uniq_robin, uniq_terence
D:3:      layout_rooms, mainiacjoe_overflow_chevrons, minitemple,
          gammafunk_ghost_split, dilly_ecumenical_altar_fadedgnrine,
          minmay_quadrilaterals, uniq_crazy_yiuf_cottage
D:4:      layout_loops_ring, mainiacjoe_overflow_catch_the_wave,
          gammafunk_ghost_abyssal_escape, uniq_menkaure
D:5:      layout_loops_ring, serial_shops, nicolae_shop_rolled_up,
          kennysheep_cluttered_room, kennysheep_generic_room_7, uniq_duvessa,
          uniq_grinder
D:6:      layout_loops_ring, mainiacjoe_overflow_alcove_2,
          minmay_temple_entry_statues_pillars
D:7:      layout_cave_pools, enter_bailey_5, lightli_corner_chamber
Bailey:   bailey_axe_of_yendor_kennysheep, bailey

Skill      XL: |  1  2  3  4  5  6  7  8  9 |
---------------+----------------------------+-----
Dodging        | 1 2 3 4 5 |  5.1
Armour         | 2 3 4 5 |  5.0
Maces & Flails | 3 4 5 |  5.6
Throwing       | 1 2 3 4 |  4.6
Unarmed Combat | 1 2 3 4 |  4.6
Fighting       | 4 5 6 |  6.2

Action                     |  1- 3 |  4- 6 |  7- 9 || total
---------------------------+-------+-------+-------++-------
  Melee: Mace              |   112 |   115 |   322 ||   549
         Punch             |     1 |     4 |    10 ||    15
  Throw: Javelin           |     7 |     2 |     1 ||    10
         Dart              |     1 |     4 |     1 ||     6
         Boomerang         |       |       |    30 ||    30
  Evoke: Piece from Xom's  |     1 |       |       ||     1
         Wand              |       |       |     6 ||     6
    Use: Scroll            |     4 |    10 |     5 ||    19
         Potion            |       |     1 |     7 ||     8
   Stab: Paralysed         |     1 |       |       ||     1
         Sleeping          |       |       |     5 ||     5
         Distracted        |       |       |     1 ||     1
 Armour: Leather armour    |    45 |    42 |   118 ||   205
  Dodge: Dodged            |    80 |    80 |   184 ||   344
